 Dungeon Crawl Stone Soup version 0.27-a0-1188-g73eefd5def (webtiles) character file.

Game seed: 17737703494451341824

105 siradein the Cutter (level 4, -1/30 HPs)
             Began as a Vampire Enchanter on May 21, 2021.
             Killed from afar by a dart slug (5 damage)
             ... with a slug dart
             ... on level 3 of the Dungeon.
             The game lasted 00:05:41 (1839 turns).

siradein the Cutter (Vampire Enchanter)             Turns: 1839, Time: 00:05:42

Health: -1/30      AC:  3    Str:  7    XL:     4   Next: 54%
Magic:  16/16      EV: 12    Int: 17    God:
Gold:   60         SH:  0    Dex: 15    Spells: 1/7 levels left

rFire    . . .     SeeInvis +   i - +2 dagger (speed)
rCold    . . .     Faith    .   (no shield)
rNeg     . . .     Spirit   .   j - +0 animal skin
rPois    .         Reflect  .   a - +0 helmet
rElec    .         Harm     .   (no cloak)
rCorr    .         Rampage  .   (no gloves)
Will     .....                  (no boots)
Stlth    +++.......             (no amulet)
HPRegen  0.30/turn              g - ring of magical power
MPRegen  0.15/turn              (no ring)

@: healing quickly
A: alive, fangs 3, see invisible, vampiric 2
a: Exsanguinate


You were on level 3 of the Dungeon.
You visited 1 branch of the dungeon, and saw 3 of its levels.

You collected 60 gold pieces.

Inventory:

Hand Weapons
 i - a +2 dagger of speed (weapon)
Missiles
 d - a throwing net
Armour
 a - a +0 helmet (worn)
 j - a +0 animal skin (worn)
Jewellery
 g - a ring of magical power (left hand)
Scrolls
 h - a scroll of identify {unknown}
 k - 2 scrolls of enchant weapon {unknown}
 l - a scroll of magic mapping {unknown}
Potions
 b - a potion of lignification {unknown}
 c - 2 potions of curing {unknown}
 e - a potion of berserk rage {unknown}
 f - a potion of might {unknown}


   Skills:
 + Level 4.9 Short Blades
 - Level 2.1 Dodging
 - Level 4.4 Stealth
 - Level 2.0 Spellcasting
 - Level 4.4 Hexes


You had one spell level left.
You knew the following spells:

 Your Spells              Type           Power      Damage    Failure   Level
a - Corona                Hex            17%        N/A       3%          1
b - Confusing Touch       Hex            16%        N/A       10%         3
c - Ensorcelled Hibernat  Hex/Ice        18%        N/A       12%         2

Your spell library contained the following spells:

 Spells                   Type           Power      Damage    Failure   Level
 Animate Skeleton         Necr           2%         N/A       19%         1
 Pain                     Necr           4%         1d4       19%         1
 Tukima's Dance           Hex            16%        N/A       10%         3
 Dazzling Flash           Conj/Hex       18%        N/A       24%         3
 Vampiric Draining        Necr           0%         2d6       50%         3
 Animate Dead             Necr           0%         N/A       88%         4
 Agony                    Necr           1%         N/A       99%         5


Dungeon Overview and Level Annotations

Branches:
Dungeon (3/15)

Altars:


Innate Abilities, Weirdness & Mutations

Your natural rate of healing is accelerated.
You have razor-sharp teeth.
You have supernaturally acute eyesight. (SInv)
You are afflicted with vampirism and can become a bat while bloodless.


Message History

You kill the jackal!
You closely miss the ball python. You hit the ball python.
You kill the ball python!
An adder comes into view.
The adder hisses angrily.
A dart slug comes into view.
A jackal and an orc priest come into view.
You hit the jackal.
The jackal is almost dead.
The jackal closely misses you. The jackal closely misses you.
The jackal misses you.
Found 2 throwing nets.
The adder misses you.
A jackal comes into view.
The orc priest casts a cantrip, but nothing happens.
The ball python barely misses you. x2
The orc priest invokes the aid of Beogh against you.
Beogh smites you! The jackal bites you.
The jackal barks!
You closely miss the jackal. The dart slug barely misses you.
The jackal closely misses you. The adder barely misses you.
The jackal closely misses you. The jackal misses you.
The jackal barely misses you. The adder closely misses you.
The jackal closely misses you. The jackal barely misses you.
You hit the dart slug but do no damage. You hit the dart slug.
The dart slug is moderately wounded.
The jackal bites you. The adder completely misses you.
The orc priest calls down the wrath of Beogh upon you.
Beogh smites you!
* * * LOW HITPOINT WARNING * * *
The dart slug bites you but does no damage.
The orc priest misses you.
You see here a hobgoblin corpse.
The dart slug launches a dart at you. The slug dart hits you.
You die...

#.<.# ### #.).# #...#
## ####.### #.#
#....).### #..
#.##.....#
#.###.##.....#
#.#...†.....#
##...##.@...#
##....#..whS.###
#........oo....#
#..#...#.o.#h##.#
.....#..##o##h##.###
#.##.##.............#
# # ##...o..#......
#.....=#..##.#
#......# .....


You could see 2 orc priests, an adder, a dart slug, 2 orcs and 3 jackals.

Vanquished Creatures
  Robin (D:1)
  3 adders
  2 dart slugs (D:1)
  2 orcs
  2 bats
  4 endoplasms (D:1)
  A giant cockroach (D:2)
  13 goblins
  6 hobgoblins
  10 jackals
  A quokka (D:1)
  A ball python (D:3)
  3 frilled lizards (D:1)
  4 kobolds
  4 rats (D:1)
57 creatures vanquished.

Notes
Turn   | Place    | Note
-------+----------+-------------------------------------------
     0 | D:1      | siradein the Vampire Enchanter began the quest for the Orb.
     0 | D:1      | Reached XP level 1. HP: 13/13 MP: 3/3
   102 | D:1      | Reached XP level 2. HP: 14/19 MP: 3/5
   320 | D:1      | Found a faded altar of an unknown god.
   497 | D:1      | Gained mutation: You are afflicted with vampirism and can
                  | become a bat while bloodless. [Vampire growth]
   497 | D:1      | Reached XP level 3. HP: 24/24 MP: 6/6
   692 | D:1      | Learned a level 3 spell: Confusing Touch
   695 | D:1      | Learned a level 2 spell: Ensorcelled Hibernation
   705 | D:2      | Noticed Robin
   938 | D:1      | Killed Robin
  1414 | D:2      | Reached XP level 4. HP: 10/30 MP: 7/7
  1839 | D:3      | Killed from afar by a dart slug

Illustrated notes

Levels and vault maps discovered:
D:1:      minmay_arrival_three_doors, layout_rooms,
          ebering_ecumenical_altar_rust, minmay_misc_feat_rugged,
          chequers_serial_rivers_large_a
D:2:      layout_rooms, uniq_robin
D:3:      layout_loops_cross, amcnicky_altar_gilded

Skill      XL: |  1  2  3 |
---------------+----------+-----
Short Blades   | 2 3 4 |  4.9
Dodging        | |  2.1
Stealth        | |  4.4
Spellcasting   | |  2.0
Hexes          | |  4.4

Action                   |  1- 3 |  4- 6 || total
-------------------------+-------+-------++-------
Melee: Dagger            |   177 |    75 ||   252
       Bite              |    17 |     3 ||    20
 Cast: Corona            |     5 |     4 ||     9
 Stab: Sleeping          |     3 |       ||     3
Armor: Robe              |    16 |       ||    16
       Animal skin       |     7 |     7 ||    14
Dodge: Dodged            |    94 |    40 ||   134

Table legend: (Time is in decaauts)
 A = Elapsed time spent in this place.
 B = Non-inter-level travel time spent in this place.
 C = Inter-level travel time spent in this place.
 D = Time resting spent in this place.
 E = Time spent auto-exploring this place.
 F = Levels seen in this place.
 G = Mean time per level.
                   A        B        C        D        E       F      G
               +--------+--------+--------+--------+--------+-----+--------+
         Total |   1769 |   1758 |     11 |    271 |   1044 |   3 |  589.7 |
       Dungeon |   1769 |   1758 |     11 |    271 |   1044 |   3 |  589.7 |
               +--------+--------+--------+--------+--------+-----+--------+

Top non-repeatable levels by time:
     D:1: 949 daAuts
     D:2: 695 daAuts
     D:3: 124 daAuts
